 Dungeon Crawl Stone Soup version bcrawl-1.28.5 (webtiles) character file.

Game seed: 13687805716092749929

210243 Mehrunes the Jinx (level 7, -1/46 HPs)
             Began as a Vampire Enchanter on Jan 27, 2021.
             Killed by nerve-wracking pain
             ... invoked by an orc priest
              (6 damage)
             ... on level 4 of the Dungeon.
             The game lasted 00:13:44 (3620 turns).

Mehrunes the Jinx (Vampire Enchanter)               Turns: 3620, Time: 00:13:44

Health: -1/46      AC:  2    Str: 13    XL:     7   Next: 15%
Magic:  1/10       EV: 14    Int: 15    God:
Gold:   180        SH:  0    Dex: 14    Spells: 1/10 levels left

rFire    . . .     SeeInvis +   a - +1 dagger
rCold    . . .     Gourm    .   (no shield)
rNeg     + . .     Faith    .   b - +0 robe
rPois    .         Spirit   .   (no helmet)
rElec    .         Reflect  .   (no cloak)
rCorr    .         Harm     .   (no gloves)
MR       .....                  (no boots)
Stlth    ++++......             (no amulet)
HPRegen  0.15/turn              (no ring)
MPRegen  0.12/turn              (no ring)

@: no status effects
A: claws 1, fangs 3, see invisible, unbreathing
a: no special abilities


You were on level 4 of the Dungeon.
You were not thirsty.

You visited 1 branch of the dungeon, and saw 4 of its levels.

You collected 180 gold pieces.

Inventory:

Hand Weapons
 a - a +1 dagger (weapon)
 g - a +1 falchion of electrocution
Armour
 b - a +0 robe (worn)
 k - a +0 ring mail
 v - a cursed +0 buckler
Scrolls
 c - 4 scrolls of remove curse {unknown}
 d - 2 scrolls of fog
 f - 5 scrolls of identify
 h - a scroll of immolation {unknown}
 i - 2 scrolls of magic mapping {unknown}
 j - a scroll of noise {unknown}
 l - a scroll of amnesia {unknown}
 n - a scroll of enchant weapon {unknown}
 r - a scroll of enchant armour {unknown}
Potions
 e - a potion of invisibility
 m - a potion of agility {unknown}
 o - 3 potions of heal wounds {unknown}
 p - a potion of haste {unknown}
 q - 7 potions of blood
 s - a potion of degeneration {unknown}
 t - a potion of mutation {unknown}
 u - a potion of might {unknown}


   Skills:
 - Level 4.8 Short Blades
 * Level 4.4 Dodging
 - Level 4.8 Stealth
 - Level 2.0 Spellcasting
 - Level 9.0 Hexes


You had one spell level left.
You knew the following spells:

 Your Spells              Type           Power        Failure   Level  Hunger
a - Corona                Hex            ####...      1%          1    None
b - Ensorcelled Hibernat  Hex/Ice        ###...       5%          2    ##.....
c - Tukima's Dance        Hex            ####....     1%          3    ####...
d - Confuse               Hex            ####....     1%          3    ####...

Your spell library contained the following spells:

 Spells                   Type           Power        Failure   Level  Hunger
 Cause Fear               Hex            ####......   5%          4    ######.
 Dazzling Orbs            Conj/Hex       ###....      11%         3    ####...


Dungeon Overview and Level Annotations

Branches:
Dungeon (4/12)
 Temple: D:4-7

Altars:
Nemelex Xobeh
Yredelemnul
Beogh

Annotations:
D:4 1 runed translucent door, Mehrunes's ghost, amateur DgTm


Innate Abilities, Weirdness & Mutations

You have sharp fingernails.
You have razor-sharp teeth.
You have supernaturally acute eyesight. (SInv)
You can survive without breathing.


Message History

Confirm with . or Enter, or press ? or * to list all spells.
Aiming: Ensorcelled Hibernation (safe; 5% risk of failure)
Press: ? - help, Shift-Dir - straight line, f/p - orc priest
Aim: an orc priest, wielding a +0 club and wearing a +0 leather armour (chance to defeat MR: 46%)
The orc priest resists with some effort.
You hit the orc priest but do no damage.
The orc priest hits you with a +0 club.
The orc priest calls down the wrath of Beogh upon you.
You are unaffected.
Yummy - fresh blood!
Yummy - fresh blood!
The orc priest calls down the wrath of Beogh upon you.
Beogh smites you!
* * * LOW HITPOINT WARNING * * *
You're too thirsty to transform right now.
Yummy - fresh blood!
Yummy - fresh blood!
The orc priest calls down the wrath of Beogh upon you.
Pain shoots through your body!
You die...

#.# #........# #.8.8$##.
#.# ########## #$...$##.
#.# #$8.8.##.## #.#
###o%5# #... #.####
#.##)#####.# #%...########
#.##.##..... #.##..).....#
#.#.)##.###.
#.#########.######....(..#
#. #.# #.@.o5..######.###.
#.# #######.######.....
#.# #........##.#
#.############
###########.#
#............# #.#
############.#
############.# #.#
#.>..........#
#.###.############ #.....#


You could see an orc priest and a crimson imp.

Vanquished Creatures
  2 ogres (D:4)
  A centaur (D:4)
  A scorpion (D:4)
  A howler monkey (D:4)
  An orc priest (D:4)
  An orc wizard (D:4)
  An iguana (D:4)
  7 adders
  An ooze (D:3)
  An adder skeleton (D:4)
  A worm (D:2)
  A dart slug (D:3)
  2 leopard geckos
  10 orcs
  5 bats
  4 giant cockroaches
  3 goblins (D:1)
  9 hobgoblins
  8 jackals
  14 kobolds
  2 quokkas
  3 ball pythons
  6 frilled lizards
  2 rats
87 creatures vanquished.

Notes
Turn   | Place    | Note
-------+----------+-------------------------------------------
     0 | D:1      | Mehrunes the Vampire Enchanter began the quest for the Orb.
     0 | D:1      | Reached XP level 1. HP: 13/13 MP: 3/3
   257 | D:1      | Reached XP level 2. HP: 19/19 MP: 5/5
   261 | D:1      | Learned a level 2 spell: Ensorcelled Hibernation
   339 | D:1      | Reached skill level 5 in Hexes
   628 | D:1      | Reached XP level 3. HP: 23/24 MP: 6/6
   776 | D:2      | Learned a level 3 spell: Tukima's Dance
  1875 | D:3      | Reached XP level 4. HP: 26/30 MP: 7/7
  2047 | D:3      | Found a basalt altar of Yredelemnul.
  2152 | D:3      | Found a sparkling altar of Nemelex Xobeh.
  2485 | D:4      | Found a runed translucent door.
  2485 | D:4      | Noticed Mehrunes's ghost (amateur DgTm)
  2493 | D:4      | Noticed an ogre
  2561 | D:4      | Killed an ogre
  2562 | D:4      | Reached skill level 7 in Hexes
  2562 | D:4      | Reached XP level 5. HP: 19/35 MP: 1/8
  2792 | D:4      | Noticed an ogre
  2809 | D:4      | Reached XP level 6. HP: 39/41 MP: 4/9
  2958 | D:4      | Reached skill level 8 in Hexes
  3169 | D:4      | Reached skill level 9 in Hexes
  3193 | D:4      | Learned a level 3 spell: Confuse
  3340 | D:4      | Found a roughly hewn altar of Beogh.
  3522 | D:4      | Reached XP level 7. HP: 46/46 MP: 5/10
  3620 | D:4      | Killed from afar by an orc priest

Skill      XL: |  1  2  3  4  5  6 |
---------------+-------------------+-----
Short Blades   | 2 3 4 |  4.8
Hexes          | 5 7 9 |  9.0
Dodging        | 4 |  4.4
Stealth        | |  4.8
Spellcasting   | |  2.0

Action                   |  1- 3 |  4- 6 |  7- 9 || total
-------------------------+-------+-------+-------++-------
Melee: Dagger            |   146 |    97 |     8 ||   251
       Bite              |     8 |     9 |     2 ||    19
 Cast: Corona            |     2 |       |       ||     2
       Ensorcelled Hiber |    13 |    31 |     6 ||    50
  Use: Potion            |       |       |     4 ||     4
 Stab: Sleeping          |    17 |    22 |     2 ||    41
       Distracted        |     1 |       |       ||     1
  Eat: Corpse            |     9 |     6 |       ||    15
Armor: Robe              |    29 |    12 |       ||    41
Dodge: Dodged            |    90 |    52 |     3 ||   145
